 Dungeon Crawl Stone Soup version 0.28-a0-230-g086cc6695f (webtiles) character file.

Game seed: 9199297520913452262

56 PentaManta the Sneak (level 3, -1/27 HPs)
             Began as a Vampire Brigand on Aug 21, 2021.
             Slain by a bullfrog zombie (5 damage)
             ... on level 3 of the Dungeon on Aug 22, 2021.
             The game lasted 00:04:29 (1393 turns).

PentaManta the Sneak (Vampire Brigand)              Turns: 1393, Time: 00:04:30

Health: -1/27      AC:  3    Str: 10    XL:     3   Next: 69%
Magic:  0/3        EV: 12    Int: 13    God:
Gold:   116        SH:  0    Dex: 16    Spells: 2/2 levels left

rFire   . . .      SeeInvis +   a - +2 dagger
rCold   . . .      Faith    .   (no shield)
rNeg    . . .      Spirit   +   b - +0 robe
rPois   .          Reflect  .   (no helmet)
rElec   .          Harm     .   c - +0 cloak
rCorr   .          Rampage  .   (no gloves)
Will    .....                   (no boots)
Stlth   ++++......              q - amulet of guardian spirit
HPRegen 0.29/turn               (no ring)
MPRegen 0.08/turn               (no ring)

@: healing quickly
A: alive, fangs 3, see invisible, vampiric 2
a: Exsanguinate


You were on level 3 of the Dungeon.
You visited 1 branch of the dungeon, and saw 3 of its levels.

You collected 116 gold pieces.

Inventory:

Hand Weapons
 a - a +2 dagger (weapon)
Missiles
 d - 19 poisoned darts (quivered)
 e - 2 curare-tipped darts
Armour
 b - a +0 robe (worn)
 c - a +0 cloak (worn)
 l - a +0 ring mail
 p - a +0 kite shield
Jewellery
 q - an amulet of guardian spirit (around neck)
Scrolls
 f - a scroll of teleportation {unknown}
 h - a scroll of identify {unknown}
 j - a scroll of noise {unknown}
 k - a scroll of magic mapping {unknown}
 m - a scroll of enchant weapon {unknown}
 n - a scroll of vulnerability {unknown}
 s - a scroll of silence {unknown}
Potions
 g - 3 potions of resistance {unknown}
 i - a potion of magic {unknown}
 o - a potion of curing {unknown}
 r - a potion of heal wounds {unknown}


   Skills:
 - Level 1.7 Fighting
 - Level 3.1 Short Blades
 - Level 1.5 Throwing
 - Level 1.1 Dodging
 + Level 7.5 Stealth


You had 2 spell levels left.
You didn't know any spells.
Your spell library contained the following spells:

 Spells                   Type           Power      Damage    Failure   Level
 Gell's Gravitas          Tloc           0%         N/A       67%         3
 Lesser Beckoning         Tloc           0%         N/A       67%         3
 Teleport Other           Tloc           0%         N/A       67%         3


Dungeon Overview and Level Annotations

Branches:
Dungeon (3/15)

Altars:

Annotations:
D:3 1 transporter, anet's ghost, amateur GnDe


Innate Abilities, Weirdness & Mutations

Your natural rate of healing is accelerated.
You have razor-sharp teeth.
You have supernaturally acute eyesight. (SInv)
You are afflicted with vampirism and can become a bat while bloodless.


Message History

The orc is almost dead.
The orc closely misses you.
You hit the orc.
You kill the orc!
Anet's ghost turns its malevolent gaze towards you.
You see here a +0 short sword.
Found 10 gold pieces.
s - a scroll labelled RUCKESY XYMA
Found a stone staircase leading up.
There is a transporter here.
You enter the transporter and appear at another place.
Found four items.
Anet's ghost barely misses you. The centaur skeleton hits you.
The centaur skeleton closely misses you.
The centaur skeleton hits you.
The centaur skeleton closely misses you.
Anet's ghost hits you. The centaur skeleton barely misses you.
The centaur skeleton kicks you but does no damage.
Anet's ghost hits you. The centaur skeleton misses you.
The centaur skeleton closely misses you.
Anet's ghost shouts, "They lied to you.
The Dungeon just goes down and down forever."
Anet's ghost barely misses you.
The centaur skeleton hits you but does no damage.
The centaur skeleton barely misses you. The centaur skeleton barely misses you.
The centaur skeleton kicks you. Anet's ghost closely misses you.
The centaur skeleton hits you.
The centaur skeleton closely misses you.
Anet's ghost barely misses you. The centaur skeleton misses you.
The centaur skeleton barely misses you. Anet's ghost hits you!
* * * LOW HITPOINT WARNING * * *
The centaur skeleton hits you but does no damage.
The centaur skeleton kicks you. The bullfrog zombie closely misses you.
The centaur skeleton barely misses you. The centaur skeleton kicks you.
* * * LOW HITPOINT WARNING * * *
Anet's ghost hits you.
* * * LOW HITPOINT WARNING * * *
The bullfrog zombie hits you.
You die...

#.#...#+##
#..... ##
#.#......#
#.....
..###....#...##
#.....
........©.......
#.....
..#############.
#.....
..#..........©#.
######
..#...........#.
#
..#..##ZWZ##.$#.
#
..#..#8.@.8#..#.
#
<.#..##...##..#.
..
.#.....©.....#.
#.##
.#..##...##..#.
.. .#Z #8...8#
.#. # .# ##...##
#. . ....) .
..$)=.. #######


You could see anet's ghost, 2 bullfrog zombies and a centaur skeleton.

Vanquished Creatures
  3 worms
  2 dart slugs
  An orc (D:3)
  4 ball pythons
  5 endoplasms
  A giant cockroach (D:1)
  7 goblins
  3 hobgoblins
  A kobold (D:1)
  2 quokkas (D:1)
  3 bats
  7 rats
39 creatures vanquished.

Notes
Turn   | Place    | Note
-------+----------+-------------------------------------------
     0 | D:1      | PentaManta the Vampire Brigand began the quest for the Orb.
     0 | D:1      | Reached XP level 1. HP: 16/16 MP: 1/1
    47 | D:1      | Reached skill level 6 in Stealth
   151 | D:1      | Reached XP level 2. HP: 22/22 MP: 2/2
   539 | D:1      | Gained mutation: You are afflicted with vampirism and can
                  | become a bat while bloodless. [Vampire growth]
   539 | D:1      | Reached XP level 3. HP: 23/27 MP: 3/3
   870 | D:2      | Reached skill level 7 in Stealth
   969 | D:2      | Upgraded the game from 0.28-a0-224-g76b539d98b to
                  | 0.28-a0-230-g086cc6695f
  1362 | D:3      | Found a transporter.
  1362 | D:3      | Found a transporter.
  1362 | D:3      | Noticed anet's ghost (amateur GnDe)
  1393 | D:3      | Slain by a bullfrog zombie

Illustrated notes

Levels and vault maps discovered:
D:1:      saegor_arrival_miasma, layout_basic
D:2:      layout_basic
D:3:      layout_basic, gammafunk_ghost_mausoleum, hangedman_glass_teeth,
          minmay_crystal_room, kennysheep_nub, feat_on_display

Skill      XL: |  1  2  3 |
---------------+----------+-----
Stealth        | 6 7 |  7.5
Short Blades   | 3 |  3.1
Fighting       | |  1.7
Throwing       | |  1.5
Dodging        | |  1.1

Action                   || total
-------------------------++-------
Melee: Dagger            ||   100
       Bite              ||     9
 Stab: Sleeping          ||    14
Armor: Robe              ||    15
Dodge: Dodged            ||    51

Table legend: (Time is in decaauts)
 A = Elapsed time spent in this place.
 B = Non-inter-level travel time spent in this place.
 C = Inter-level travel time spent in this place.
 D = Time resting spent in this place.
 E = Time spent auto-exploring this place.
 F = Levels seen in this place.
 G = Mean time per level.
                   A        B        C        D        E       F      G
               +--------+--------+--------+--------+--------+-----+--------+
         Total |   1377 |   1371 |      6 |     81 |    960 |   3 |  459.0 |
       Dungeon |   1377 |   1371 |      6 |     81 |    960 |   3 |  459.0 |
               +--------+--------+--------+--------+--------+-----+--------+

Top non-repeatable levels by time:
     D:1: 695 daAuts
     D:2: 519 daAuts
     D:3: 162 daAuts
